AoeStats
← Aleksander Tiriev

Oasis

509756519Analyzed
3v3 RM · 6d ago on Sep 27, 2026· 81m 44s· 6 players
Game mode
Random Map
Map size
Normal (6 player)
Population
200
Speed
Normal
Resources
Standard
Victory
Conquest
Starting age
Dark Age
Ending age
Imperial Age
RankedLock teamsTeams togetherTeam positionsShared explorationLock speedFull tech treeHidden civsTurbo modeCheats
Victory
Defeat
🇨🇴 Ethiopians · Colombia
840
+15
🇨🇦 Varangians · Canada
819
+16
🇵🇪 Saxons · Peru
811
+17
🇪🇸 Aztecs · Spain
894
-19
🇪🇸 Koreans · Spain
829
-38
🇪🇸 Huns · Spain
759
-13
Searam
8:36 Loom
12:15 Feudal Age
13:41 Double-Bit Axe
14:47 Wheelbarrow
16:53 Horse Collar
21:13 Castle Age
19:28 Stone Mining
25:06 Caravan
26:03 Bow Saw
28:01 Heavy Plow
30:49 Hand Cart
32:18 Arson
32:35 Squires
32:23 Gambesons
33:04 Gold Mining
39:22 Imperial Age
40:02 Elite Varangian Guard
42:01 Two-Man Saw
41:32 Forging
41:24 Scale Mail Armor
43:22 Iron Casting
44:06 Gothikon
51:33 Crop Rotation
64:14 Ballistics
63:20 Elite Skirmisher
65:16 Chain Mail Armor
66:02 Blast Furnace
70:32 Conscription
71:22 Plate Mail Armor
JÄGGERMEISTER |
2:39 Loom
13:18 Feudal Age
17:47 Castle Age
18:39 Padded Archer Armor
18:30 Fletching
18:31 Double-Bit Axe
19:56 Bow Saw
19:44 Gold Mining
20:52 Crossbowman
21:32 Horse Collar
26:05 Leather Archer Armor
27:46 Thumb Ring
30:02 Ballistics
29:54 Fortified Wall
29:58 Bodkin Arrow
30:21 Heavy Plow
32:38 Wheelbarrow
36:43 Imperial Age
34:39 Hand Cart
34:24 Town Watch
37:42 Caravan
39:12 Chemistry
38:50 Town Patrol
38:32 Arbalester
40:27 Two-Man Saw
40:14 Gold Shaft Mining
40:50 Ring Archer Armor
40:21 Bracer
41:54 Scale Mail Armor
42:05 Forging
41:21 Halberdier
42:01 Squires
42:42 Elite Skirmisher
43:57 Conscription
48:03 Chain Mail Armor
48:24 Iron Casting
66:53 Plate Mail Armor
67:23 Blast Furnace
jhadir
11:49 Feudal Age
16:54 Castle Age
15:21 Double-Bit Axe
16:15 Horse Collar
26:26 Bow Saw
26:18 Heavy Plow
26:10 Gold Mining
26:11 Stone Mining
28:36 Gold Shaft Mining
29:38 Wheelbarrow
30:45 Hand Cart
30:50 Forging
30:40 Scale Mail Armor
33:49 Imperial Age
31:23 Loom
31:13 Pikeman
31:54 Squires
31:39 Arson
31:40 Gambesons
32:35 Iron Casting
33:28 Ballistics
34:31 Chain Mail Armor
33:51 Man-at-Arms
34:24 Elite Hearth Troop
35:25 Conscription
34:28 Shield Wall
34:34 Halberdier
34:35 Long Swordsman
36:36 Plate Mail Armor
36:00 Two-Handed Swordsman
36:47 Champion
40:31 Chemistry
50:22 Caravan
60:12 Siege Engineers
73:43 Hoardings
Albertovk
17:26 Feudal Age
19:34 Wheelbarrow
22:22 Fletching
25:53 Double-Bit Axe
29:17 Castle Age
27:07 Double-Bit Axe
27:16 Gold Mining
27:22 Stone Mining
34:50 Horse Collar
38:32 Hand Cart
37:48 Crossbowman
38:34 Thumb Ring
42:32 Imperial Age
46:57 Elite War Wagon
49:54 Arbalester
53:40 Elite Skirmisher
53:44 Heavy Cavalry Archer
57:20 Elite Skirmisher
57:22 Heavy Cavalry Archer
58:30 Capped Ram
Draek
11:53 Feudal Age
18:25 Castle Age
16:53 Horse Collar
18:01 Double-Bit Axe
18:53 Gold Mining
18:56 Stone Mining
19:02 Loom
23:45 Gold Mining
24:58 Scale Mail Armor
25:06 Gambesons
25:23 Squires
26:16 Forging
27:25 Wheelbarrow
30:48 Iron Casting
30:19 Crossbowman
33:38 Bow Saw
33:44 Caravan
40:04 Imperial Age
41:51 Chain Mail Armor
41:50 Arbalester
42:13 Man-at-Arms
43:29 Hand Cart
42:45 Elite Jaguar Warrior
44:20 Gold Shaft Mining
44:00 Town Watch
44:42 Conscription
45:51 Ballistics
45:24 Fletching
45:35 Padded Archer Armor
46:56 Arson
46:32 Long Swordsman
47:16 Heavy Plow
48:03 Two-Handed Swordsman
50:06 Chemistry
50:21 Garland Wars
50:42 Murder Holes
51:48 Bodkin Arrow
52:54 Blast Furnace
52:10 Leather Archer Armor
51:57 Capped Ram
54:24 Siege Ram
54:28 Champion
62:42 Elite Skirmisher
65:39 Fortified Wall
73:22 Plate Mail Armor
73:00 Siege Engineers
Aleksander Tiriev
13:38 Feudal Age
14:05 Horse Collar
16:34 Bloodlines
17:36 Scale Barding Armor
18:11 Wheelbarrow
18:46 Double-Bit Axe
23:46 Castle Age
23:24 Gold Mining
23:31 Stone Mining
24:00 Forging
26:38 Hand Cart
26:31 Husbandry
27:43 Chain Barding Armor
27:59 Iron Casting
36:14 Imperial Age
36:41 Cavalier
38:35 Gold Shaft Mining
40:19 Paladin
43:13 Plate Barding Armor
49:28 Pikeman
49:54 Arson
52:00 Blast Furnace
51:17 Halberdier
60:23 Bow Saw
Connection lost

Rejoining the realm…

Still unreachable

The connection could not be restored.

Session expired

The server has moved on; the page needs a fresh start.